Map: Ruins of Seras

Players

Kronos

  • Race: Terran Terran
  • League: Bronze

Wolfie - Winner!

  • Race: Terran Terran

VOD

Have the link to the VOD?

Description

Time

  • Played on: Dec. 7, 2015, 3:22 p.m.
  • Length: 3:52
Show
View Real Time Build Order
Export as new Build Order

Kronos Terran 

Build Orders:  

Get SALT Encoding   

  12  0:02  SCV  
  13  0:19  SCV  
  14  0:30  Supply Depot  
  14  0:32  SCV  
  15  0:37  Refinery  
  15  0:51  SCV  
  15  0:56  Barracks  
  16  1:17  SCV  
  17  1:22  Refinery  
  17  1:30  SCV  
  18  1:52  Supply Depot, Marine  
  19  2:00  Barracks  
  19  2:04  SCV, Engineering Bay  
  20  2:15  Marine  
  21  2:16  SCV  
  22  2:28  SCV  
  23  2:40  SCV  
  24  2:46  Missile Turret  
  24  2:52  SCV  
  25  3:05  Marine  
  26  3:08  Marine  
  27  3:15  Command Center  
  27  3:34  Barracks Tech Lab  
Show
View Real Time Build Order
Export as new Build Order

Wolfie Terran - Winner!

Build Orders:  

Get SALT Encoding   

  12  0:01  SCV  
  13  0:14  Supply Depot  
  13  0:17  SCV  
  14  0:30  SCV  
  15  0:42  SCV  
  16  0:45  Barracks  
  16  0:54  SCV  
  17  1:05  Barracks  
  17  1:06  SCV  
  18  1:18  SCV  
  19  1:34  Marine  
  19  1:37  SCV  
  21  1:41  Refinery  
  21  1:49  SCV  
  21  1:51  Marine  
  23  1:55  Supply Depot  
  23  2:05  Barracks  
  23  2:10  Supply Depot  
  23  2:17  Marine x2  
  25  2:34  Marine x2  
  27  2:37  Engineering Bay  
  27  2:48  Orbital Command  
  27  2:52  Marine  
  27  2:56  Marine x2  
  30  3:14  Refinery  
  30  3:19  Supply Depot  
  31  3:27  SCV  
  31  3:39  SCV  
  34  3:43  Barracks  
Tags
 
League
Bronze
Matchup
TvT
Race
Terran
Add a new tag
Caveats
  • Supply blocks, unpowered buildings, or Contaminate may cause inaccurate times.
  • Supply counts are checked every 10 seconds.